 Dungeon Crawl Stone Soup version 0.25.0-9-g26727b657a (console) character file.

Game seed: 17102473524513348106

100015 Kagalorn the Carver (level 16, -14/97 HPs)
             Began as a Tengu Ice Elementalist on June 18, 2020.
             Was the Champion of Ru.
             Killed from afar by a fire giant (46 damage)
             ... with a fireball
             ... on level 15 of the Dungeon.
             The game lasted 01:51:02 (37774 turns).

Kagalorn the Carver (Tengu Ice Elementalist)       Turns: 37774, Time: 01:51:05

Health: -14/97     AC: 17    Str: 11    XL:     16   Next: 26%
Magic:  25/31      EV: 19    Int: 19    God:    Ru [******]
Gold:   1521       SH:  5    Dex: 16    Spells: 27/35 levels left

rFire    . . .     SeeInvis .   a - +3 scimitar (flame)
rCold    + . .     Gourm    .   U - +0 buckler
rNeg     . . .     Faith    .   Y - +2 ring mail {rC+}
rPois    .         Spirit   .   o - +1 hat {MR+}
rElec    .         Reflect  .   L - scarf {+Inv}
rCorr    .         Harm     .   C - +2 pair of gloves
MR       ++...                  (boots unavailable)
Stlth    +.........             (no amulet)
HPRegen  0.00/turn              k - +4 ring of evasion
MPRegen  0.22/turn              w - +4 ring of protection

@: frozen ramparts, flying quickly and evasively, quick
A: beak, talons 3, inhibited regeneration, reduced EV 1, unskilled 1,
inexperienced 1, able to fly, missing an eye
a: Stop Flying, Draw Out Power, Power Leap, Apocalypse, Renounce Religion, Evoke
Invisibility


You were on level 15 of the Dungeon.
You worshipped Ru.
Ru was exalted by your worship.
You were not hungry.

You visited 4 branches of the dungeon, and saw 24 of its levels.
You also visited: Ice Cave.

You collected 3728 gold pieces.
You spent 2207 gold pieces at shops.

Inventory:

Hand Weapons
 a - a +3 scimitar of flaming (weapon)
 b - a +2 rapier of freezing
Missiles
 d - 14 javelins
 g - 76 poisoned darts (quivered)
 N - a throwing net
Armour
 j - a +0 kite shield
 o - a +1 hat of magic resistance (worn)
 C - a +2 pair of gloves (worn)
 L - a scarf of invisibility (worn)
 U - a +0 buckler (worn)
 Y - a +2 ring mail of cold resistance (worn)
Magical Staves
 H - an uncursed staff of wizardry
Jewellery
 k - a +4 ring of evasion (left hand)
 n - an uncursed ring of stealth
 w - a +4 ring of protection (right hand)
 Q - an uncursed ring of see invisible
 R - an uncursed ring of protection from cold
Wands
 z - a wand of paralysis (34)
 B - a wand of flame (49)
 E - a wand of random effects (37)
 J - a wand of iceblast (10)
 P - a wand of digging (14)
Scrolls
 e - 8 scrolls of fog
 f - 6 scrolls of fear
 l - a scroll of summoning
 t - 5 scrolls of enchant weapon
 u - 8 scrolls of remove curse
 x - 8 scrolls of magic mapping
 y - 3 scrolls of blinking
 G - 4 scrolls of enchant armour
 K - 8 scrolls of teleportation
 M - a scroll of amnesia
 O - a scroll of holy word
 S - a scroll of identify
Potions
 h - 3 potions of brilliance
 i - 4 potions of lignification
 p - 2 potions of haste
 q - 3 potions of invisibility
 r - 4 potions of ambrosia
 s - 2 potions of berserk rage
 v - a potion of cancellation
 A - 2 potions of stabbing
 D - 4 potions of curing
 F - 3 potions of mutation
 I - a potion of magic
 T - a potion of heal wounds
Miscellaneous
 m - a lightning rod (4/4)
Comestibles
 c - 37 rations
 V - 6 chunks of flesh


   Skills:
 + Level 9.9 Fighting
 - Level 14.0 Long Blades
 + Level 9.4 Armour
 + Level 9.7 Dodging
 - Level 2.0 Stealth
 - Level 4.0 Shields
 - Level 10.0 Spellcasting
 - Level 3.0 Translocations
 - Level 3.0 Transmutations
 - Level 8.0 Ice Magic
 - Level 3.0 Earth Magic
 + Level 8.7 Evocations


You had 27 spell levels left.
You knew the following spells:

 Your Spells              Type           Power        Failure   Level  Hunger
a - Freeze                Ice            ####         1%          1    None
b - Frozen Ramparts       Ice            #####.       1%          3    None
g - Passwall              Tmut/Erth      ###.....     6%          2    None
h - Blink                 Tloc           N/A          6%          2    None

Your spell library contained the following spells:

 Spells                   Type           Power        Failure   Level  Hunger
 Apportation              Tloc           ###...       4%          1    None
 Sandblast                Erth           ###...       4%          1    None
 Ozocubu's Armour         Chrm/Ice       ###.....     9%          3    None
 Shroud of Golubria       Chrm/Tloc      ###...       12%         2    None
 Animate Skeleton         Necr           N/A          14%         1    None
 Corona                   Hex            #......      14%         1    None
 Foxfire                  Conj/Fire      #...         14%         1    None
 Infusion                 Chrm           #...         14%         1    None
 Magic Dart               Conj           #...         14%         1    None
 Summon Small Mammal      Summ           #...         14%         1    None
 Ice Form                 Ice/Tmut       ####....     16%         4    ##.....
 Call Imp                 Summ           #.......     22%         2    None
 Slow                     Hex            #.......     22%         2    None
 Song of Slaying          Chrm           #.......     22%         2    None
 Stone Arrow              Conj/Erth      ###...       24%         3    None
 Hailstorm                Conj/Ice       ###.....     28%         4    ##.....
 Summon Ice Beast         Ice/Summ       ###.....     28%         4    ##.....
 Petrify                  Tmut/Erth      ###.....     38%         4    ##.....
 Conjure Flame            Conj/Fire      #.......     41%         3    None
 Inner Flame              Hex/Fire       #.......     41%         3    None
 Mephitic Cloud           Conj/Pois/Air  #.......     41%         3    None
 Spectral Weapon          Hex/Chrm       #.......     41%         3    None
 Static Discharge         Conj/Air       #.......     41%         3    None
 Metabolic Englaciation   Hex/Ice        ###.......   61%         5    #####..
 Ozocubu's Refrigeration  Ice            #####.....   63%         6    ######.
 Lee's Rapid Deconstruct  Erth           ###.......   75%         5    #####..
 Sticky Flame             Conj/Fire      #.......     82%         4    ##.....
 Fireball                 Conj/Fire      #.........   99%         5    #####..
 Lightning Bolt           Conj/Air       #.........   99%         5    #####..
 Simulacrum               Ice/Necr       ###.......   99%         6    ######.
 Freezing Cloud           Conj/Ice/Air   ###.......   100%        6    ######.
 Ignition                 Fire           #.........   100%        8    #######
 Shatter                  Erth           ###.......   100%        9    #######
 Tornado                  Air            #.........   100%        9    #######


Dungeon Overview and Level Annotations

Branches:
Dungeon (15/15)            Temple (1/1) D:5            Lair (6/6) D:11
  Swamp (0/4) Lair:2        Snake (0/4) Lair:2        Slime (0/5) Lair:6
    Orc (2/2) D:10            Elf (0/3) Orc:2        Vaults (0/5) D:13
 Depths (0/5) D:15          IceCv (visited)

Altars:
Ashenzari
Cheibriados
Dithmenos
Elyvilon
Fedhas
Gozag
Hepliaklqana
Kikubaaqudgha
Makhleb
Nemelex Xobeh
Okawaru
Qazlal
Ru
Sif Muna
Trog
Uskayaw
Vehumet
Wu Jian
Xom
Yredelemnul
Zin
The Shining One
Beogh

Shops:
D:4 }%[   D:13 ?   Orc:1 (   Orc:2 ?:%*

Portals:
Abyss: Lair:5

Annotations:
Lair:5 2 transporters, Hairutzoic's ghost, journeyman MiBe
Lair:6 exclusion: 3 oklob plants


Innate Abilities, Weirdness & Mutations

You have a beak for a mouth.
You have claws for feet.
You do not regenerate when monsters are visible.
You have somewhat slow reflexes. (EV -5)
You are somewhat unskilled. (-1 Apt)
You are somewhat inexperienced. (-2 XL)
You can fly continuously.
You are missing an eye, making it more difficult to aim.


Message History

The fire giant hits you with a +2 great sword of flaming.
The fire giant burns you.
You barely miss the fire giant.
The fire giant is heavily wounded.
You slash the fire giant! Your peck misses the fire giant.
The fire giant is heavily wounded.
The wall freezes the fire giant.
The fire giant barely misses you.
You barely miss the fire giant.
The fire giant is severely wounded.
You slash the fire giant! You burn the fire giant.
The fire giant is severely wounded.
The wall freezes the fire giant!
The fire giant begins to cast a spell, but is stunned by your will!
You hit the fire giant.
You claw the fire giant, but do no damage.
The fire giant is almost dead.
The wall freezes the fire giant.
The fire giant gestures at you while chanting.
The fireball explodes!
The fireball engulfs you!!!
You die...

.........................
..........=.............
.#### #......##########..##
...§..##..÷...# #..#
.≈.≈...#..###.# #..#
§§#≈§......###.# #..##
§≈≈≈§#.........##########....
§≈§≈≈≈≈≈.....................
§.§.≈≈≈....C@................
§.>.≈≈#§..###.......####.....
.≈§§.§## #..####.# #.....
§.≈§§§≈.# #..# #.# #.....
§≈.≈#.§.# #..# #.# #.....
.≈≈....# #..# #.####.....
≈C≈...## #..####..........
.......## #................
##..... ######....####.##


You could see a fire giant (corona).

Vanquished Creatures
  Gastronok (Lair:1)
  An orc warlord (Orc:1)
  A frost giant (IceCv)
  Nessos (D:14)
  Snorg (Lair:5)
  5 hydras
  Harold (Lair:2)
  8 vault guards (D:13)
  A centaur warrior (D:13)
  9 death yaks
  5 two-headed ogres
  2 tengu warriors
  Urug (Lair:4)
  4 skeletal warriors
  A wizard (D:14)
  2 orc knights
  A mana viper (shapeshifter) (D:14)
  5 cyclopes
  A deep elf mage (D:14)
  8 orc sorcerers
  An ugly thing (D:11)
  A wolf spider (Lair:6)
  3 manticores
  2 oklob plants (Lair:5)
  19 elephants
  A guardian serpent (Lair:6)
  16 black mambas
  An ice statue (IceCv)
  2 centaur skeletons
  A gargoyle (D:13)
  12 spiny frogs
  An efreet (D:14)
  4 rime drakes
  6 komodo dragons
  A tengu conjurer (D:8)
  9 trolls
  13 polar bears
  4 hornets
  3 bog bodies (Lair:2)
  19 slime creatures
  6 blink frogs
  11 hippogriffs
  2 shadows
  2 wraiths
  15 wyverns
  A human (D:7)
  75 yaks
  3 hogs (D:7)
  4 hungry ghosts
  3 basilisks
  3 vampire mosquitoes
  7 wargs
  8 porcupines
  24 water moccasins
  19 orc warriors
  4 ice beasts
  5 phantoms
  4 sky beasts
  5 black bears
  A necrophage (D:10)
  12 ogres
  12 centaurs
  32 wolves
  17 crocodiles
  A big kobold (D:8)
  12 bullfrogs
  A scorpion (D:12)
  18 killer bees
  A water moccasin skeleton (D:8)
  8 wights
  8 howler monkeys
  An electric eel (Lair:2)
  A lava snake (Orc:2)
  7 crimson imps
  5 jellies
  2 quasits
  2 bullfrog skeletons
  7 hounds
  2 centaur zombies
  13 orc priests
  Crazy Yiuf (D:6)
  35 orc wizards
  5 iguanas
  10 worker ants
  A hound zombie (D:9)
  A hound skeleton (D:6)
  A howler monkey zombie (D:5)
  A howler monkey skeleton (D:4)
  3 gnolls (D:2)
  15 adders
  4 shadow imps
  An adder skeleton (D:8)
  An adder zombie (D:5)
  5 worms
  2 dart slugs (D:2)
  9 leopard geckos
  83 orcs
  7 bats
  6 giant cockroaches
  10 goblins
  6 hobgoblins
  13 jackals
  10 kobolds
  A quokka (D:8)
  3 ball pythons
  6 frilled lizards
  A quokka skeleton (D:7)
  11 rats
  A plant (Lair:5)
795 creatures vanquished.

Vanquished Creatures (others)
  A skeletal warrior (D:11)
  An orc sorcerer (Orc:2)
  A spiny frog (Lair:1)
  A komodo dragon (D:14)
  A blink frog (Lair:6)
  A yak (D:13)
  A swamp worm (Lair:2)
  A warg (Orc:2)
  A bullfrog (D:14)
  A wight (D:12)
  3 orcs
  20 fungi
  21 plants
54 creatures vanquished.

Grand Total: 849 creatures vanquished

Notes
Turn   | Place    | Note
-------+----------+-------------------------------------------
     0 | D:1      | Kagalorn the Tengu Ice Elementalist began the quest for the
                  | Orb.
     0 | D:1      | Reached XP level 1. HP: 10/10 MP: 4/4
   396 | D:1      | Reached XP level 2. HP: 16/16 MP: 1/6
   593 | D:1      | Reached XP level 3. HP: 10/20 MP: 2/7
  1086 | D:2      | Reached skill level 1 in Fighting
  1298 | D:2      | Reached XP level 4. HP: 18/25 MP: 3/9
  1976 | D:2      | Gained mutation: You can fly continuously. [Tengu growth]
  1976 | D:2      | Reached XP level 5. HP: 15/30 MP: 4/10
  2216 | D:3      | Found a hide-covered altar of Uskayaw.
  2539 | D:3      | You are sucked into a shaft and drop 3 floors!
  2590 | D:6      | Reached skill level 5 in Ice Magic
  2590 | D:6      | Reached XP level 6. HP: 18/36 MP: 3/12
  2903 | D:5      | Entered Level 5 of the Dungeon
  3139 | D:5      | Reached XP level 7. HP: 40/40 MP: 10/14
  3215 | D:4      | Found Kyufuege's Gadget Shoppe.
  3430 | D:4      | Learned a level 3 spell: Frozen Ramparts
  3871 | D:3      | Found a shadowy altar of Dithmenos.
  4113 | D:4      | Found Luruyl's Armour Shop.
  4120 | D:4      | Found Vugiv's Food Shop.
  4267 | D:4      | Found an ornate altar of the Wu Jian Council.
  4307 | D:5      | Reached skill level 5 in Spellcasting
  4728 | D:5      | Found a staircase to the Ecumenical Temple.
  4745 | Temple   | Entered the Ecumenical Temple
  5101 | Temple   | Became a worshipper of Ru the Awakened
  5202 | D:6      | Reached XP level 8. HP: 47/48 MP: 17/17
  5214 | D:6      | Found an iron altar of Okawaru.
  6056 | D:6      | Found a runed translucent door.
  6057 | D:6      | Noticed Crazy Yiuf
  6068 | D:6      | Killed Crazy Yiuf
  6141 | D:7      | Found a shadowy altar of Dithmenos.
  6522 | D:7      | Reached skill level 5 in Fighting
  6675 | D:7      | Reached XP level 9. HP: 54/54 MP: 14/19
  7484 | D:7      | Reached skill level 1 in Long Blades
  7558 | D:8      | Reached skill level 2 in Long Blades
  7589 | D:8      | Noticed a two-headed ogre
  7683 | D:7      | Killed a two-headed ogre
  7683 | D:7      | Reached skill level 5 in Long Blades
  7707 | D:7      | Gained mutation: You have somewhat slow reflexes. (EV -5)
                  | [Ru sacrifice]
  7707 | D:7      | Reached * piety under Ru
  7929 | D:8      | Reached skill level 6 in Long Blades
  7929 | D:8      | Reached XP level 10. HP: 34/59 MP: 19/23
  8141 | D:8      | Reached skill level 7 in Long Blades
  8771 | D:8      | Reached skill level 8 in Long Blades
  8885 | D:8      | Noticed a two-headed ogre
  8908 | D:8      | Killed a two-headed ogre
  8908 | D:8      | Reached skill level 9 in Long Blades
  9076 | D:8      | Reached skill level 10 in Long Blades
  9650 | D:9      | Found an ancient bone altar of Kikubaaqudgha.
  9778 | D:9      | Reached skill level 11 in Long Blades
  9849 | D:9      | Reached XP level 11. HP: 47/63 MP: 19/24
  9996 | D:9      | Gained mutation: You are somewhat inexperienced. (-2 XL)
                  | [Ru sacrifice]
  9996 | D:9      | Reached XP level 10. HP: 59/59 MP: 23/23
  9996 | D:9      | Reached XP level 9. HP: 54/54 MP: 22/22
  9996 | D:9      | Reached ** piety under Ru
  9996 | D:9      | Reached *** piety under Ru
  9997 | D:9      | Noticed a troll
 10048 | D:9      | Killed a troll
 10116 | D:9      | Reached skill level 12 in Long Blades
 10187 | D:9      | Found a radiant altar of Vehumet.
 10287 | D:9      | Noticed a two-headed ogre
 10307 | D:9      | Killed a two-headed ogre
 10418 | D:9      | Noticed a troll
 10436 | D:9      | Killed a troll
 10558 | D:9      | Found a shimmering blue altar of Sif Muna.
 10558 | D:9      | Found a radiant altar of Vehumet.
 10675 | D:10     | Entered Level 10 of the Dungeon
 10711 | D:10     | Found a staircase to the Orcish Mines.
 10712 | D:10     | Noticed a two-headed ogre
 10721 | D:10     | Reached XP level 10. HP: 59/59 MP: 17/23
 10736 | D:9      | Killed a two-headed ogre
 10881 | D:10     | Reached skill level 13 in Long Blades
 10994 | D:10     | Reached skill level 1 in Shields
 11614 | D:10     | Got a brightly glowing robe
 11633 | D:10     | Identified the +2 robe of Fallacy {-Tele Slay+4} (You found
                  | it on level 10 of the Dungeon)
 11810 | D:11     | Noticed a two-headed ogre
 11810 | D:11     | Noticed a five-headed hydra
 11969 | D:11     | Reached XP level 11. HP: 63/63 MP: 20/24
 12020 | D:11     | Killed a two-headed ogre
 12020 | D:11     | Reached skill level 14 in Long Blades
 12132 | D:11     | Killed a five-headed hydra
 12132 | D:11     | Reached skill level 1 in Armour
 12132 | D:11     | Reached skill level 1 in Evocations
 12221 | D:11     | Noticed a death yak
 12276 | D:11     | Killed a death yak
 12321 | D:11     | Found a staircase to the Lair.
 12323 | D:11     | Noticed a death yak
 12376 | D:11     | Killed a death yak
 12437 | D:11     | Noticed a death yak
 12521 | D:11     | Killed a death yak
 12804 | D:11     | Gained mutation: You are somewhat unskilled. (-1 Apt) [Ru
                  | sacrifice]
 12804 | D:11     | Reduced skill Long Blades to level 12
 12804 | D:11     | Reduced skill Stealth to level 1
 12804 | D:11     | Reached **** piety under Ru
 12804 | D:11     | Reached ***** piety under Ru
 12904 | D:11     | Reached skill level 13 in Long Blades
 13236 | Lair:1   | Entered Level 1 of the Lair of Beasts
 14029 | Lair:1   | Noticed a five-headed hydra
 14072 | Lair:1   | Killed a five-headed hydra
 14312 | Lair:1   | Reached XP level 12. HP: 61/68 MP: 17/24
 14425 | Lair:1   | Noticed Gastronok
 14638 | Lair:1   | HP: 2/68 [Gastronok/the air (35)]
 14648 | Lair:1   | Killed Gastronok
 15782 | Lair:2   | Found a staircase to the Snake Pit.
 15803 | Lair:2   | Gained mutation: You do not regenerate when monsters are
                  | visible. [Ru sacrifice]
 15928 | Lair:2   | Noticed Harold
 15947 | Lair:2   | Killed Harold
 16550 | Lair:2   | Learned a level 2 spell: Blink
 17151 | Lair:2   | Reached skill level 5 in Dodging
 17512 | Lair:2   | Found a staircase to the Swamp.
 17815 | Lair:3   | Reached XP level 13. HP: 60/75 MP: 18/26
 17957 | Lair:3   | Found a frozen archway.
 17972 | IceCv    | Entered an ice cave
 18803 | IceCv    | Reached skill level 5 in Armour
 18848 | IceCv    | Gained mutation: You are missing an eye, making it more
                  | difficult to aim. [Ru sacrifice]
 18848 | IceCv    | Reached ****** piety under Ru
 19863 | IceCv    | Noticed a frost giant
 19865 | IceCv    | Reached skill level 5 in Evocations
 19865 | IceCv    | Killed a frost giant
 20103 | Lair:3   | HP: 1/76 [black mamba (6)]
 21476 | Lair:4   | Noticed Urug
 21486 | Lair:4   | Killed Urug
 22124 | Lair:4   | Reached XP level 14. HP: 79/82 MP: 25/28
 22163 | Lair:4   | Reached skill level 14 in Long Blades
 22482 | Lair:5   | Reached skill level 1 in Translocations
 22650 | Lair:5   | Found a transporter.
 22755 | Lair:5   | Found a transporter.
 22757 | Lair:5   | Noticed a tentacled starspawn
 22925 | Lair:5   | Noticed Snorg
 22942 | Lair:5   | Killed Snorg
 23419 | Lair:5   | Learned a level 2 spell: Passwall
 23525 | Lair:5   | Found a one-way gate to the infinite horrors of the Abyss.
 23525 | Lair:5   | Noticed Hairutzoic's ghost (journeyman MiBe)
 23525 | Lair:5   | Identified the +8 short sword "Xassugg" {distort, Int+3}
 23810 | Lair:6   | Entered Level 6 of the Lair of Beasts
 24481 | Lair:6   | Reached skill level 1 in Transmutations
 24511 | Lair:6   | Reached skill level 1 in Earth Magic
 25352 | Lair:6   | Found a staircase to the Slime Pits.
 26494 | Lair:6   | Reached XP level 15. HP: 63/89 MP: 20/29
 27503 | Orc:1    | Entered Level 1 of the Orcish Mines
 27882 | Orc:2    | Entered Level 2 of the Orcish Mines
 28033 | Orc:2    | Noticed an orc warlord
 28114 | Orc:1    | Killed an orc warlord
 28778 | Orc:2    | Found Faanai's Book Shop.
 28778 | Orc:2    | Found Huukh's Magic Scroll Emporium.
 28836 | Orc:2    | Found a roughly hewn altar of Beogh.
 28938 | Orc:2    | Found a staircase to the Elven Halls.
 29115 | Orc:2    | Found Iprobben's Assorted Antiques.
 29115 | Orc:2    | Found Lizxoop's Food Emporium.
 29215 | Orc:2    | Bought a scroll of acquirement for 676 gold pieces
 29215 | Orc:2    | Bought a scroll of blinking for 97 gold pieces
 29215 | Orc:2    | Bought a scroll of teleportation for 39 gold pieces
 29239 | Orc:2    | Bought a book of the Tempests for 910 gold pieces
 29921 | Orc:2    | Bought a wand of paralysis (10) for 42 gold pieces
 30001 | Orc:1    | HP: 1/89 [orc priest/divine providence (15)]
 30705 | Orc:1    | Found Wiazaatu's Weapon Boutique.
 30718 | Orc:1    | Bought a +2 scimitar of flaming for 249 gold pieces
 32310 | D:11     | Reached skill level 10 in Spellcasting
 33793 | D:12     | You are sucked into a shaft and drop 2 floors!
 33999 | D:13     | Found a gate to the Vaults.
 35005 | D:13     | Found Tacru's Magic Scroll Shop.
 35013 | D:13     | Bought a scroll of blinking for 97 gold pieces
 35013 | D:13     | Bought a scroll of blinking for 97 gold pieces
 35211 | D:13     | Reached XP level 16. HP: 96/96 MP: 27/31
 36248 | D:14     | Paralysed by a hornet for 3 turns
 36258 | D:14     | Paralysed by a hornet for 2 turns
 36672 | D:14     | Noticed Nessos
 36680 | D:14     | Killed Nessos
 37451 | D:15     | Entered Level 15 of the Dungeon
 37744 | D:15     | Found a staircase to the Depths.
 37774 | D:15     | Killed from afar by a fire giant

Illustrated notes

Levels and vault maps discovered:
D:1:      sevenhm_arrival_forest_fort_small_3, layout_basic
D:2:      layout_rooms, eino_curves_04, corexii_corridor_pit
D:3:      layout_basic, nicolae_dithmenos_through_a_glass_darkly,
          eat_drink_and_be_merry_uskayaw, st_stairs_10
D:4:      layout_loops_ring, nicolae_overflow_hidden_temple, serial_shops,
          nicolae_shop_stone, nicolae_shop_competitors_out_of_business,
          nicolae_shop_stone
D:5:      layout_rooms, minmay_temple_entry_hall, first_ration,
          item_on_display_a
D:6:      layout_loops_cross, okawaru_gym_becter, uniq_crazy_yiuf_cottage
D:7:      layout_basic, basic_altar, grunt_livestock
D:8:      hangedman_cross_veins, layout_rooms, minmay_holes
D:9:      layout_irregular_city, chequers_temple_overflow_statue_of_worship,
          basic_altar, vehumet_altar_wand_db
D:10:     layout_roguey, orc_0_dummy, corexii_corridor_pit
D:11:     layout_irregular_city, dpeg_lair_monsters
D:12:     layout_rooms
D:13:     layout_loops_corners, erik_vaults_2, serial_shops, shop
D:14:     layout_cave_pools, chequers_decorated_corner, uniq_nessos
D:15:     grunt_enter_depths_giant_problem, layout_small_grid, basic_altar
Temple:   nicolae_temple_x_marks_the_god
Lair:1:   layout_hall_layers, lemuel_fruit_fields, uniq_gastronok
Lair:2:   layout_cave_pods, nicolae_swamp_entry_splash_gauntlet,
          minmay_snake_entry_six_corridors, serial_bayou_shore_b, uniq_harold
Lair:3:   layout_regular_city, portal_ice_cave_rime
Lair:4:   layout_roguey, uniq_urug
Lair:5:   layout_concentric_octagons, gammafunk_ghost_abyssal_escape,
          grunt_megastairs_5, minmay_lair_oklob_chamber, uniq_snorg
Lair:6:   hangedman_lair_tendril_chambers, layout_loops_ring,
          minmay_slime_entry_oklob_open
Orc:1:    layout_caves, serial_shops, shop
Orc:2:    st_orc_town, layout_diamond_mine, nicolae_orc_lava_tube, mines2_lemuel

Skill      XL: |  1  2  3  4  5  6  7  8  9 10 11 12 13 14 15 |
---------------+----------------------------------------------+-----
Ice Magic      | 4 5 6 7 8 7 8 |  8.0
Fighting       | 1 2 3 5 6 7 8 9 |  9.9
Spellcasting   | 3 4 5 6 8 7 8 9 10 | 10.0
Long Blades    | 12 13 13 14 | 14.0
Shields        | 3 4 |  4.0
Armour         | 3 4 6 7 9 |  9.4
Evocations     | 2 4 5 6 8 |  8.7
Dodging        | 3 5 6 7 9 |  9.7
Stealth        | 2 |  2.0
Translocations | 2 3 |  3.0
Transmutations | 2 3 |  3.0
Earth Magic    | 1 3 |  3.0

Action                   |  1- 3 |  4- 6 |  7- 9 | 10-12 | 13-15 | 16-18 || total
-------------------------+-------+-------+-------+-------+-------+-------++-------
Melee: Unarmed           |    32 |    25 |       |       |       |       ||    57
       Kick              |     7 |    13 |    46 |    86 |   379 |    48 ||   579
       Peck              |     5 |     7 |    32 |    55 |   245 |    26 ||   370
       Short sword       |       |    19 |    78 |       |       |       ||    97
       Rapier            |       |       |   112 |   135 |   279 |       ||   526
       Scimitar          |       |       |    29 |   188 |   839 |   159 ||  1215
Throw: Dart              |       |     5 |    27 |    45 |    33 |       ||   110
 Cast: Freeze            |    42 |    73 |    60 |   112 |   269 |    11 ||   567
       Frozen Ramparts   |       |       |    31 |    90 |   190 |    20 ||   331
       Passwall          |       |       |       |       |     2 |       ||     2
       Blink             |       |       |       |       |     1 |       ||     1
Invok: Sacrifice Health  |       |       |     1 |       |       |       ||     1
       Sacrifice Experie |       |       |     1 |       |       |       ||     1
       Sacrifice Skill   |       |       |       |     1 |       |       ||     1
       Power Leap        |       |       |       |     2 |     6 |       ||     8
       Apocalypse        |       |       |       |     2 |     2 |       ||     4
       Sacrifice Purity  |       |       |       |     1 |       |       ||     1
       Sacrifice an Eye  |       |       |       |       |     1 |       ||     1
       Draw Out Power    |       |       |       |       |     1 |       ||     1
 Abil: Fly               |       |     1 |       |     1 |       |       ||     2
       Stop Flying       |       |       |       |     1 |       |       ||     1
Evoke: Wand              |       |       |       |     2 |     2 |     1 ||     5
  Use: Scroll            |       |       |     5 |    15 |     8 |     1 ||    29
       Potion            |       |       |       |     6 |     2 |       ||     8
 Stab: Sleeping          |     2 |     8 |     9 |     4 |     3 |     1 ||    27
       Distracted        |       |       |     1 |     2 |     4 |     2 ||     9
       Invisible         |       |       |       |     2 |     5 |     2 ||     9
       Paralysed         |       |       |       |     1 |    19 |     5 ||    25
  Eat: Chunk             |     1 |     5 |    21 |    24 |    30 |     3 ||    84
       Ration            |       |       |       |     2 |     8 |     1 ||    11
Armor: Robe              |    20 |     9 |    56 |    24 |       |       ||   109
       Leather armour    |       |       |       |    79 |    64 |       ||   143
       Ring mail         |       |       |       |       |   285 |    40 ||   325
Dodge: Dodged            |    39 |    81 |   256 |   231 |   594 |    91 ||  1292
Block: Buckler           |       |       |       |    55 |   208 |    34 ||   297
       Rpst.: Scimitar   |       |       |     6 |    33 |   131 |    21 ||   191
